 Dungeon Crawl Stone Soup version 0.20.0-8-g6b59dc7 (webtiles) character file.

162 Darkell the Chiller (level 5, -4/37 HPs)
             Began as a Demonspawn Ice Elementalist on June 1, 2017.
             Killed by divine providence
             ... invoked by an orc priest
              (14 damage)
             ... on level 4 of the Dungeon.
             The game lasted 00:04:28 (4131 turns).

Darkell the Chiller (Demonspawn Ice Elementalist)   Turns: 4131, Time: 00:04:28

Health: -4/37      AC:  4    Str: 10    XL:     5   Next: 19%
Magic:  9/9        EV: 12    Int: 16    God:
Gold:   172        SH:  0    Dex: 13    Spells: 4/10 levels left

rFire    . . .     SeeInvis .   q - +0 short sword (elec)
rCold    . . .     Gourm    .   (no shield)
rNeg     + . .     Faith    .   a - +0 robe
rPois    .         Spirit   .   (helmet restricted)
rElec    .         Reflect  .   (no cloak)
rCorr    .         Harm     .   (no gloves)
MR       +....                  (no boots)
Stlth    ++........             (no amulet)
Regen    0.2/turn               i - ring of protection from magic
MPRegen  0.2/turn               p - ring of positive energy

@: no status effects
A: horns 1, thin metallic scales 1, demonic guardian 1
a: no special abilities


You were on level 4 of the Dungeon.
You were not hungry.

You visited 1 branch of the dungeon, and saw 4 of its levels.

You collected 172 gold pieces.

Inventory:

Hand Weapons
 j - a +0 hand axe of chopping
 n - a cursed -1 dagger
 q - a +0 short sword of electrocution (weapon)
Armour
 a - a +0 robe (worn)
Jewellery
 i - a ring of protection from magic (left hand)
 p - a ring of positive energy (right hand)
 r - an uncursed ring of flight
Scrolls
 e - 2 scrolls of remove curse {unknown}
 g - 4 scrolls of identify {unknown}
 k - a scroll of magic mapping {unknown}
 s - a scroll of amnesia {unknown}
 v - 2 scrolls of noise {unknown}
Potions
 d - a potion of mutation {unknown}
 h - 3 potions of brilliance {unknown}
 m - a potion of resistance {unknown}
 u - a potion of curing {unknown}
Books
 b - a book of Frost

   Spells                             Type                      Level
   a - Freeze                         Ice                          1
   b - Throw Frost                    Conjuration/Ice              2
   c - Ozocubu's Armour               Charms/Ice                   3
   d - Throw Icicle                   Conjuration/Ice              4
   e - Summon Ice Beast               Ice/Summoning                4
 l - a book of Cantrips

   Spells                             Type                      Level
   a - Confusing Touch                Hexes                        1
   b - Animate Skeleton               Necromancy                   1
   c - Summon Small Mammal            Summoning                    1
   d - Apportation                    Translocation                1
Comestibles
 c - 6 bread rations
 f - 3 royal jellies
 o - a meat ration
 t - 4 fruits


   Skills:
 + Level 1.1 Fighting
 + Level 0.8 Short Blades
 + Level 1.2 Axes
 + Level 2.2 Dodging
 + Level 2.3 Stealth
 + Level 0.8 Unarmed Combat
 + Level 3.0 Spellcasting
 + Level 1.0 Conjurations
 + Level 3.3 Ice Magic


You had 4 spell levels left.
You knew the following spells:

 Your Spells              Type           Power        Failure   Level  Hunger
a - Freeze                Ice            ##..         4%          1    #......
b - Throw Frost           Conj/Ice       #.....       12%         2    ##.....
c - Ozocubu's Armour      Chrm/Ice       #.......     28%         3    ###....


Dungeon Overview and Level Annotations

Branches:
Dungeon (4/15)
 Temple: D:4-7

Altars:
Makhleb
Okawaru
Qazlal
Ru
Sif Muna


Innate Abilities, Weirdness & Mutations

You have a pair of small horns on your head.
You are partially covered in thin metallic scales. (AC +2)
A weak demonic guardian rushes to your aid.


Message History

The orc priest hits your iron imp but does no damage.
Your iron imp hits the orc priest.
Something hits your iron imp! Something hits your iron imp.
The orc priest hits your iron imp.
Your iron imp dies!
The gnoll misses you.
The orc priest calls down the wrath of Beogh upon you.
Beogh smites you! The orc priest hits you.
You closely miss the orc priest. You headbutt the orc priest.
The orc priest is almost dead.
The orc priest hits you with a whip.
The gnoll hits you from afar with a halberd.
* * * LOW HITPOINT WARNING * * *
The orc priest casts a cantrip, but nothing happens.
You hit the orc priest but do no damage.
Your headbutt misses the orc priest.
The orc priest is almost dead.
The orc priest calls down the wrath of Beogh upon you.
Beogh smites you!
You die...

..........#
#.....<.# #
#####...# .. ###...#
...#########.....#
P......).........#
≈......†...........#
.####...<....##..###
#...#.@######.....
.....###oo# .....
..### ##g## ....## .
#g.# .... ##.#
#...........
#ggo..#........
.oo##....#..### #. #
##.....#


You could see 2 orc priests and 2 gnolls.

Vanquished Creatures
  An orc priest (D:3)
  Terence (D:3)
  A worker ant (D:3)
  2 adders
  2 dart slugs (D:1)
  A leopard gecko (D:2)
  4 orcs
  3 giant cockroaches
  7 hobgoblins
  5 jackals (D:3)
  6 kobolds
  2 quokkas (D:2)
  3 ball pythons
  8 bats
  2 frilled lizards
  7 goblins
  3 rats
58 creatures vanquished.

Vanquished Creatures (collateral kills)
  An orc (D:4)
1 creature vanquished.

Grand Total: 59 creatures vanquished

Notes
Turn   | Place    | Note
-------+----------+-------------------------------------------
     0 | D:1      | Darkell the Demonspawn Ice Elementalist began the quest for the Orb.
     0 | D:1      | Reached XP level 1. HP: 13/13 MP: 3/3
   420 | D:1      | Gained mutation: A weak demonic guardian rushes to your aid. [demonic ancestry]
   420 | D:1      | Reached XP level 2. HP: 19/19 MP: 0/5
   900 | D:1      | You fall through a shaft!
   964 | D:2      | Reached XP level 3. HP: 17/24 MP: 6/6
  1254 | D:2      | Found a sacrificial altar of Ru.
  1608 | D:2      | Found an iron altar of Okawaru.
  2858 | D:3      | Noticed Terence
  2873 | D:3      | Killed Terence
  2873 | D:3      | Gained mutation: You have a pair of small horns on your head. [demonic ancestry]
  2873 | D:3      | Reached XP level 4. HP: 7/31 MP: 6/8
  3466 | D:3      | Learned a level 2 spell: Throw Frost
  3470 | D:3      | Learned a level 3 spell: Ozocubu's Armour
  3474 | D:3      | Found a stormy altar of Qazlal.
  3566 | D:3      | Reached skill level 1 in Axes
  3635 | D:3      | Reached skill level 1 in Fighting
  3641 | D:3      | Gained mutation: You are partially covered in thin metallic scales. (AC +2) [demonic ancestry]
  3641 | D:3      | Reached XP level 5. HP: 23/37 MP: 9/9
  3797 | D:3      | Found a deep blue altar of Sif Muna.
  3799 | D:3      | Found a burning altar of Makhleb.
  4131 | D:4      | Killed from afar by an orc priest

Skill      XL: |  1  2  3  4 |
---------------+-------------+-----
Ice Magic      | 3 |  3.3
Dodging        | 2 |  2.2
Stealth        | 2 |  2.3
Axes           | 1 |  1.2
Fighting       | 1 |  1.1
Spellcasting   | 3 |  3.0
Short Blades   | |  0.8
Unarmed Combat | |  0.8
Conjurations   | |  1.0

Action                   |  1- 3 |  4- 6 || total
-------------------------+-------+-------++-------
Melee: Unarmed           |    28 |       ||    28
       Hand axe          |    51 |       ||    51
       Short sword       |    17 |    44 ||    61
       Punch             |     1 |       ||     1
       Headbutt          |       |     5 ||     5
 Cast: Freeze            |    30 |       ||    30
 Stab: Sleeping          |     6 |       ||     6
  Eat: Chunk             |     6 |     4 ||    10
Armor: Robe              |    23 |    11 ||    34
Dodge: Dodged            |    88 |    28 ||   116
